[Event "Late-Titled-Tuesday-Blitz-September-26-2023"]
[Site "Chess.com"]
[Date "2023.09.26"]
[Round "8"]
[White "JG-17"]
[Black "ChristopherYoo"]
[Result "0-1"]
[WhiteElo "2530"]
[BlackElo "2990"]
[TimeControl "180+1"]
[EndTime "15:23:56 PDT"]
[Termination "ChristopherYoo won by resignation"]

1. e4 Nc6 2. Nc3 Nf6 3. d4 d6 4. Nf3 Bg4 5. Be2 e5 6. dxe5 dxe5 7. O-O Bxf3 8. Bxf3 Nd4 9. Be3 Bc5 10. Na4 Nxf3+ 11. Qxf3 Bxe3 12. Qxe3 O-O 13. Rad1 Qe7 14. Nc3 c6 15. a3 b5 16. Rd2 a5 17. Rfd1 b4 18.
axb4 axb4 19. Ne2 Ra2 20. Qb3 Rfa8 21. f3 Qc5+ 22. Kf1 g6 23. Rd8+ Kg7 24. Nc1 Rxd8 25. Rxd8 Ra1 26. Rd1 Ne8 27. Qd3 Nd6 28. Nb3 Rxd1+ 29.
Qxd1 Qb5+ 30. Qe2 Nc4 31. Ke1 Kf6 32. Qd3 Ke7 33. g3 Nxb2 34. Qxb5 cxb5 35. Kd2 Kd6 36. Na5 Nc4+ 37. Nxc4+ bxc4 0-1

[Event "Late-Titled-Tuesday-Blitz-September-26-2023"]
[Site "Chess.com"]
[Date "2023.09.26"]
[Round "8"]
[White "Javylavilla"]
[Black "scandalgod"]
[Result "0-1"]
[WhiteElo "2337"]
[BlackElo "2497"]
[TimeControl "180+1"]
[EndTime "15:23:56 PDT"]
[Termination "scandalgod won by resignation"]

1. e4 e5 2. Nf3 Nc6 3. Bb5 a6 4. Ba4 d6 5. Bxc6+ bxc6 6. d4 f6 7. Nc3 Ne7 8. h4 Bg4 9. h5 Qd7 10. Be3 exd4 11. Qxd4 c5 12. Qd2 Bxf3 13. gxf3 Rb8 14.
O-O-O Qc6 15. Rhg1 Kf7 16. f4 Qb6 17. b3 Qa5 18. f5 Qb4 19. Ne2 Qxd2+ 20. Rxd2 Nc6 21.
Nf4 Ne5 22. Rg3 Rg8 23. Ne6 Rc8 24. f4 Nc6 25. Rdg2 Ne7 26. c4 g6 27. hxg6+ hxg6 28. Rh3 gxf5 29. Rxg8 Kxg8 30. exf5 Nxf5 31. Nxf8 Rxf8 32. Bf2 Kf7 33. Rh7+ Ng7 34. Bh4 Kg6 35. Rxg7+ Kxg7 36. Kd2 Kg6 37. Ke3 Kf5 38. Bf2 Re8+ 39. Kf3 Re4 40. Be3 Re8 41. Bd2 Rh8 42. Bc3 Rh3+ 0-1

[Event "Late-Titled-Tuesday-Blitz-September-26-2023"]
[Site "Chess.com"]
[Date "2023.09.26"]
[Round "8"]
[White "Willychess95"]
[Black "GMBenjaminBok"]
[Result "0-1"]
[WhiteElo "2706"]
[BlackElo "2965"]
[TimeControl "180+1"]
[EndTime "15:23:58 PDT"]
[Termination "GMBenjaminBok won on time"]

1. e4 c5 2. Nf3 d6 3. d4 cxd4 4. Nxd4 Nf6 5. Nc3 a6 6. Bg5 Nbd7 7. Qe2 e6 8. O-O-O Qc7 9. f4 b5 10. a3 Be7 11. g4 Rb8 12. Bg2 h6 13. Bxf6 Bxf6 14.
Nc6 Rb6 15. e5 dxe5 16. fxe5 Nxe5 17. Nb4 O-O 18. h4 Nc4 19. g5 Bxc3 20. bxc3 a5 21. Nd3 Qd6 22. gxh6 Qxa3+ 23. Kb1 b4 24. h7+ Kh8 25.
cxb4 Rxb4+ 0-1

[Event "Late-Titled-Tuesday-Blitz-September-26-2023"]
[Site "Chess.com"]
[Date "2023.09.26"]
[Round "8"]
[White "Eloist"]
[Black "The_Princess_Moon"]
[Result "0-1"]
[WhiteElo "2464"]
[BlackElo "2293"]
[TimeControl "180+1"]
[EndTime "15:24:03 PDT"]
[Termination "The_Princess_Moon won by checkmate"]

1. e4 c5 2. Nf3 a6 3. g3 b5 4.
Bg2 Bb7 5. Qe2 Nc6 6. O-O Nd4 7.
Nxd4 cxd4 8. c3 dxc3 9. Nxc3 e6 10. d4 Bb4 11. Qg4 g6 12. Bg5 Be7 13. h4 h6 14.
Bxe7 Qxe7 15. d5 Nf6 16. Qf4 e5 17. Qe3 d6 18. a4 b4 19. Na2 a5 20. Rfc1 Kf8 21.
Rc2 Kg7 22. Rac1 Rac8 23. Bh3 Rxc2 24. Rxc2 Rb8 25. Nc1 Qe8 26. Qa7 Nxe4 27. Qxa5 Nf6 28. Qxb4 Bxd5 29. Qxd6 Ba8 30. Rc7 Rd8 31. Qc5 Qxa4 32.
Be6 Qd1+ 33. Kh2 Qh1# 0-1

[Event "Late-Titled-Tuesday-Blitz-September-26-2023"]
[Site "Chess.com"]
[Date "2023.09.26"]
[Round "8"]
[White "snowlord"]
[Black "BillieKimbah"]
[Result "0-1"]
[WhiteElo "2884"]
[BlackElo "2979"]
[TimeControl "180+1"]
[EndTime "15:24:06 PDT"]
[Termination "BillieKimbah won by resignation"]

1. e4 c5 2. Nf3 d6 3. d4 cxd4 4. Nxd4 Nf6 5. Nc3 a6 6. b3 e5 7. Nde2 b5 8. Ng3 Bb7 9. Bd3 Nbd7 10. O-O Rc8 11. Bd2 g6 12. a4 b4 13. Na2 a5 14. c3 h5 15. cxb4 h4 16. Ne2 h3 17.
g3 axb4 18. Bxb4 Nxe4 19. Nec3 Ng5 20. Be2 Qb6 21. Nd5 Qd4 22. Qxd4 exd4 23. Nf4 Ne5 24. Rfe1 Be7 25. Kf1 Ngf3 26. Bb5+ Kf8 27. Rec1 Nxh2+ 28. Ke2 Nhf3 29. Rxc8+ Bxc8 30. Rc1 Bg4 31. a5 h2 32. Rh1 d3+ 33. Nxd3 Nd4+ 34. Ke3 Nxb5 0-1

[Event "Late-Titled-Tuesday-Blitz-September-26-2023"]
[Site "Chess.com"]
[Date "2023.09.26"]
[Round "8"]
[White "MaxLeto"]
[Black "Defenstrator"]
[Result "0-1"]
[WhiteElo "2492"]
[BlackElo "2393"]
[TimeControl "180+1"]
[EndTime "15:24:06 PDT"]
[Termination "Defenstrator won on time"]

1. d4 d6 2. Bf4 h5 3. e3 e5 4. dxe5 g5 5. exd6 gxf4 6. Qd4 Rh6 7. dxc7 Qxc7 8. Nc3 fxe3 9. O-O-O Nc6 10. Bb5 Rd6 11. Qxe3+ Be6 12. Nge2 Bh6 13. f4 O-O-O 14. Bxc6 Rxd1+ 15.
Rxd1 Rxd1+ 16. Nxd1 Qxc6 17. Qxa7 Qxg2 18. Qa8+ Kd7 19. Ndc3 Bxf4+ 20. Nxf4 Qf1+ 21. Nd1 Qxf4+ 22. Kb1 Qf3 23. Kc1 Bg4 0-1

[Event "Late-Titled-Tuesday-Blitz-September-26-2023"]
[Site "Chess.com"]
[Date "2023.09.26"]
[Round "8"]
[White "pedromartinez91"]
[Black "PepeCuenca"]
[Result "0-1"]
[WhiteElo "2550"]
[BlackElo "2690"]
[TimeControl "180+1"]
[EndTime "15:24:07 PDT"]
[Termination "PepeCuenca won by resignation"]

1. g4 h5 2. g5 e5 3. h4 d5 4. d3 g6 5. Bg2 c6 6. e4 Bg7 7. Nc3 Ne7 8. Bd2 O-O 9. Bh3 Na6 10.
Qe2 Re8 11. a3 Nc5 12. O-O-O Ne6 13. Nf3 d4 14. Na2 c5 15. Kb1 Nc6 16. Ne1 b5 17.
Ng2 a5 18. f4 exf4 19. Nxf4 Nxf4 20. Bxf4 Bxh3 21. Rxh3 Qd7 22. Rf3 a4 23. Bd2 Rab8 24. Rdf1 Re7 25. Qh2 Be5 26. Qh3 Qd6 27. Rf6 Bxf6 28. gxf6 Re6 29. Rf5 gxf5 30. Qg2+ Kf8 31. Qg7+ Ke8 32. Qg8+ Qf8 33. Qg5 fxe4 34. Bf4 Rd8 0-1

[Event "Late-Titled-Tuesday-Blitz-September-26-2023"]
[Site "Chess.com"]
[Date "2023.09.26"]
[Round "8"]
[White "kleinebeer98"]
[Black "sergoy"]
[Result "1-0"]
[WhiteElo "2827"]
[BlackElo "2945"]
[TimeControl "180+1"]
[EndTime "15:24:09 PDT"]
[Termination "kleinebeer98 won by checkmate"]

1. e4 c5 2. Nf3 d6 3. d4 cxd4 4.
Nxd4 Nf6 5. Nc3 a6 6. a3 e5 7. Nf5 d5 8. Bg5 d4 9. Bxf6 gxf6 10. Nb1 Bxf5 11. exf5 Qd5 12. Qh5 Nd7 13. Nd2 Rc8 14. Bd3 Nc5 15. Bc4 Qd7 16. O-O h6 17. b4 Na4 18. Be6 Qc7 19. Ne4 Kd8 20. Bxc8 Kxc8 21. c3 dxc3 22. Rac1 Kb8 23. Qf3 Be7 24. Nxc3 Rc8 25.
Ne2 Qd7 26. Rxc8+ Qxc8 27. Qb3 Nb6 28. Qxf7 Qd7 29. Nc3 Ka7 30. b5 axb5 31. Rb1 b4 32. axb4 Kb8 33. Rd1 Qc7 34. Nd5 Qc2 35. Ne3 Qc7 36.
g3 Nc8 37. Qc4 Qb6 38. Rc1 Nd6 39. Qe6 Bd8 40. Nd5 Qa6 41. b5 Qa3 42. Rd1 Ka7 43. b6+ Ka6 44. Nc7+ Kxb6 45. Rxd6+ Kxc7 46. Qd7+ Kb8 47. Qxd8+ Ka7 48. Rd1 Qf3 49. Qa5+ Kb8 50. Rd8# 1-0

[Event "Late-Titled-Tuesday-Blitz-September-26-2023"]
[Site "Chess.com"]
[Date "2023.09.26"]
[Round "8"]
[White "AlexandraBotez"]
[Black "SanchezKelvin"]
[Result "1-0"]
[WhiteElo "2238"]
[BlackElo "2603"]
[TimeControl "180+1"]
[EndTime "15:24:09 PDT"]
[Termination "AlexandraBotez won by resignation"]

1. d4 d5 2. c4 c6 3. Nc3 Nf6 4. Nf3 e6 5. cxd5 exd5 6. Bg5 Be7 7. e3 Bf5 8. Bd3 Bxd3 9. Qxd3 Nbd7 10. O-O O-O 11. Na4 b5 12. Nc3 Re8 13. Rac1 Bf8 14. Bxf6 Qxf6 15. a3 Qg6 16. Qxg6 hxg6 17. Nd1 Re6 18.
Re1 f6 19. Re2 a5 20. Rec2 Ra6 21. Ne1 b4 22. a4 c5 23. dxc5 Rec6 24. Nd3 Ra8 25.
b3 Rac8 26. N1b2 Nxc5 27. Nxc5 Rxc5 28. Rxc5 Rxc5 29. Rxc5 Bxc5 30. Nd3 Bd6 31. Kf1 Kf7 32. Ke2 g5 33. g3 g4 34. Ne1 Be5 35. Kd3 Ke6 36.
f4 gxf3 37. Nxf3 Bc3 38. g4 g6 39. Nd4+ Kd6 40. Nb5+ Ke5 41. Nxc3 bxc3 42. Kxc3 Ke4 43. Kd2 d4 44. exd4 Kxd4 45. h4 Ke4 46. b4 axb4 47. a5 Kd5 48. h5 gxh5 49. gxh5 b3 50.
h6 b2 51. Kc2 b1=Q+ 52. Kxb1 Kc6 53. h7 1-0

[Event "Late-Titled-Tuesday-Blitz-September-26-2023"]
[Site "Chess.com"]
[Date "2023.09.26"]
[Round "8"]
[White "miraitrunks"]
[Black "pirulillo"]
[Result "1-0"]
[WhiteElo "2179"]
[BlackElo "2350"]
[TimeControl "180+1"]
[EndTime "15:24:10 PDT"]
[Termination "miraitrunks won by resignation"]

1. e4 c5 2. Nf3 e6 3. d3 Nc6 4.
Nbd2 g6 5. g3 Bg7 6. Bg2 Nge7 7.
O-O d5 8. c3 O-O 9. Qe2 Qc7 10.
Re1 b5 11. Nf1 b4 12. Bd2 bxc3 13. Bxc3 Bxc3 14. bxc3 Qa5 15. exd5 Nxd5 16. c4 Nde7 17. Ne5 Nd4 18. Qe3 Rb8 19. Ng4 Qc7 20. Qh6 f6 21. Rab1 Nef5 22. Qd2 Bb7 23. f4 Bxg2 24. Qxg2 Qa5 25.
Nxf6+ Kh8 26. Nd7 Rxb1 27. Rxb1 Rd8 28. Ne5 Qa4 29. Nf7+ Kg7 30. Nxd8 Qd7 31. Rb7 1-0

[Event "Late-Titled-Tuesday-Blitz-September-26-2023"]
[Site "Chess.com"]
[Date "2023.09.26"]
[Round "8"]
[White "Mikhail_Golubev"]
[Black "DonkyDonkyDonkey"]
[Result "0-1"]
[WhiteElo "2600"]
[BlackElo "2748"]
[TimeControl "180+1"]
[EndTime "15:24:15 PDT"]
[Termination "DonkyDonkyDonkey won on time"]

1. e4 e5 2. Nf3 d5 3. Nxe5 Bd6 4. d4 dxe4 5. Bc4 Bxe5 6. Qh5 Qe7 7. Qxe5 Qxe5 8. dxe5 Nc6 9. Bf4 Nge7 10. Nc3 Ng6 11.
Bg3 Bf5 12. O-O-O Ncxe5 13. Bd5 O-O-O 14. Bxe4 Bxe4 15. Nxe4 Nc6 16. f3 h5 17. Ng5 h4 18.
Bf2 Rh5 19. Rxd8+ Nxd8 20. Nh3 Ne6 21. Re1 Ngf4 22. Nxf4 Nxf4 23. g3 hxg3 24. hxg3 Ne6 25. Be3 Rh3 26. Rg1 Rh2 27. g4 Re2 28. Bd2 Nd4 29.
Bc3 Ne6 30. g5 g6 31. Rh1 Nxg5 0-1

[Event "Late-Titled-Tuesday-Blitz-September-26-2023"]
[Site "Chess.com"]
[Date "2023.09.26"]
[Round "8"]
[White "ValeriyGrinev"]
[Black "ukchessbomber"]
[Result "1-0"]
[WhiteElo "2588"]
[BlackElo "2657"]
[TimeControl "180+1"]
[EndTime "15:24:16 PDT"]
[Termination "ValeriyGrinev won by resignation"]

1. d4 b5 2. e4 Bb7 3. Bd3 e6 4. Qe2 a6 5. Nf3 d6 6. O-O Nd7 7. a4 b4 8. Nbd2 c5 9. c3 bxc3 10. bxc3 Ngf6 11. Rb1 Qc7 12. d5 e5 13. Nc4 Be7 14.
a5 O-O 15. Bg5 h6 16. Bxf6 Bxf6 17. Nb6 Nxb6 18. Rxb6 Rfb8 19. Nd2 Bd8 20. Nc4 Qe7 21. Rxd6 Bxa5 22. Qg4 Bc8 23. Qg3 Bxc3 24. Rxh6 a5 25. Nb6 Ra7 26. d6 Qd8 27. Nd5 g6 28. Nxc3 Qxd6 29.
Bc4 Kf8 30. Rh8+ Kg7 31. Qh4 Be6 32. Rh7+ Kg8 33. Nd5 Bxd5 34. Bxd5 g5 35. Rh8+ Kg7 36. Qh7+ Kf6 37. Rxb8 Qxb8 38. Qh6+ Ke7 39. Qxg5+ Kf8 40. Qf6 Kg8 41. h4 a4 42. h5 a3 43. h6 Qf8 44. Ba2 c4 45. Rc1 c3 46. Rxc3 Rd7 1-0

[Event "Late-Titled-Tuesday-Blitz-September-26-2023"]
[Site "Chess.com"]
[Date "2023.09.26"]
[Round "8"]
[White "SEBAZZANO"]
[Black "Kostukov_Alex"]
[Result "0-1"]
[WhiteElo "2220"]
[BlackElo "2400"]
[TimeControl "180+1"]
[EndTime "15:24:16 PDT"]
[Termination "Kostukov_Alex won on time"]

1. d4 g6 2. e4 Bg7 3. Nc3 d6 4.
Bf4 e5 5. dxe5 dxe5 6. Qxd8+ Kxd8 7. O-O-O+ Nd7 8. Bg5+ f6 9. Be3 Bh6 10. Bxh6 Nxh6 11.
f3 c6 12. g3 Ke7 13. Bh3 Nc5 14. Bxc8 Rhxc8 15. Nh3 a5 16. Nf2 b5 17. Nd3 Nxd3+ 18. Rxd3 Nf7 19. Rhd1 Rd8 20. Rxd8 Nxd8 21. Kd2 Ne6 22.
Ne2 f5 23. Ke3 Nc5 24. exf5 gxf5 25. f4 Nd7 26. b3 a4 27. Rd2 c5 28. h3 e4 29. g4 Rg8 30. gxf5 Nf6 31. bxa4 b4 32. Rd1 Ra8 33. Ng3 Rxa4 34. Nxe4 Nxe4 35. Kxe4 b3+ 36.
Ke5 bxa2 37. Ra1 c4 38. Kd4 Kf6 0-1

[Event "Late-Titled-Tuesday-Blitz-September-26-2023"]
[Site "Chess.com"]
[Date "2023.09.26"]
[Round "8"]
[White "LeninGuerra"]
[Black "vanyakuba"]
[Result "1-0"]
[WhiteElo "2536"]
[BlackElo "2386"]
[TimeControl "180+1"]
[EndTime "15:24:17 PDT"]
[Termination "LeninGuerra won by resignation"]

1. e4 d5 2. exd5 Qxd5 3. d4 e5 4. Nf3 Bg4 5. Be2 e4 6. c4 Qd8 7. Ng1 Bf5 8. Nc3 Nf6 9. Be3 Be7 10. Qb3 O-O 11. Qxb7 Nbd7 12. Qa6 Rb8 13. O-O-O Bg6 14.
Nh3 Rb6 15. Qa4 Qb8 16. Qc2 c5 17. Na4 Rb4 18. Nxc5 Bxc5 19. dxc5 Ne5 20. Nf4 Nd3+ 21. Nxd3 exd3 22. Bxd3 Bxd3 23. Rxd3 Ne4 24. Rb3 a5 25. Rxb4 Qxb4 26. Qxe4 1-0

[Event "Late-Titled-Tuesday-Blitz-September-26-2023"]
[Site "Chess.com"]
[Date "2023.09.26"]
[Round "8"]
[White "JoseRemolar"]
[Black "PotapovaM"]
[Result "1-0"]
[WhiteElo "2429"]
[BlackElo "2594"]
[TimeControl "180+1"]
[EndTime "15:24:18 PDT"]
[Termination "JoseRemolar won by checkmate"]

1. e4 g6 2. d4 Bg7 3. Nc3 c6 4. Nf3 d5 5. h3 Nf6 6. e5 Ne4 7. Bd3 Nxc3 8. bxc3 c5 9. O-O Nc6 10.
Re1 O-O 11. Bf4 f6 12. Qd2 Qa5 13. exf6 exf6 14. Bd6 cxd4 15. Bxf8 Bxf8 16. Qf4 Qd8 17. cxd4 Bd6 18. Qh6 Qf8 19. Qh4 Bd7 20. Rab1 b6 21.
c4 Nb4 22. Bf1 Bf5 23. Rb3 Qf7 24. c5 bxc5 25. dxc5 Bxc5 26. Rxb4 g5 27. Nxg5 fxg5 28. Qxg5+ Bg6 29. Rf4 Qd7 30. Rd1 Rd8 31. Bc4 Be7 32. Bxd5+ Kg7 33. Rf7+ Kg8 34. Rxe7+ Qxd5 35. Rxd5 Rc8 36.
Qf6 Rc1+ 37. Kh2 Rh1+ 38. Kxh1 a5 39. Rd8+ Be8 40. Rdxe8# 1-0

[Event "Late-Titled-Tuesday-Blitz-September-26-2023"]
[Site "Chess.com"]
[Date "2023.09.26"]
[Round "8"]
[White "IgorBjelobrk"]
[Black "German_Bazeev"]
[Result "1-0"]
[WhiteElo "2632"]
[BlackElo "2739"]
[TimeControl "180+1"]
[EndTime "15:24:19 PDT"]
[Termination "IgorBjelobrk won by resignation"]

1. d4 Nf6 2. c4 e6 3. g3 d5 4. Nf3 Bb4+ 5. Bd2 Be7 6. Bg2 O-O 7.
O-O c6 8. Qc2 Nbd7 9. Rd1 h6 10.
b3 b6 11. Bc3 Bb7 12. Nbd2 b5 13. e4 dxe4 14. Nxe4 Nxe4 15. Qxe4 bxc4 16. bxc4 Nf6 17. Qe2 Qc8 18. Rab1 Rb8 19. Rb3 c5 20. d5 exd5 21. Qxe7 Re8 22. Qd6 Ne4 23. Qf4 dxc4 24. Ra3 f6 25.
Qc1 Qg4 26. Ba1 Rbd8 27. Qxc4+ Kh8 28. Rxd8 Rxd8 29. Rd3 Re8 30. Re3 Rd8 31. Qe2 Qd7 32. Rxe4 Bxe4 33. Qxe4 Qd1+ 34. Qe1 Qxe1+ 35. Nxe1 Rd1 36.
Bc3 Rc1 37. Ba5 c4 38. Kf1 c3 39. Be4 Ra1 40. Bxc3 Rxa2 41. Nc2 Ra4 42. Bd3 Ra3 43. Nxa3 1-0

[Event "Late-Titled-Tuesday-Blitz-September-26-2023"]
[Site "Chess.com"]
[Date "2023.09.26"]
[Round "8"]
[White "ritanovikova"]
[Black "IngOscarArdila"]
[Result "0-1"]
[WhiteElo "2171"]
[BlackElo "2377"]
[TimeControl "180+1"]
[EndTime "15:24:23 PDT"]
[Termination "IngOscarArdila won by resignation"]

1. d4 Nf6 2. Bf4 d6 3. e3 Nbd7 4. Nf3 g6 5. Be2 Bg7 6. O-O O-O 7. Nbd2 b6 8. h3 Bb7 9. c4 Ne4 10. d5 Ndc5 11. Rb1 a5 12. b3 Bc8 13. a3 e5 14.
Bh2 f5 15. b4 Nc3 16. Qe1 Nxb1 17. Nxb1 axb4 18. axb4 Ne4 19. Nfd2 Nxd2 20. Qxd2 Bd7 21. Nc3 Ra3 22. e4 f4 23. f3 Qa8 24. Kh1 Ra1 25. Qb2 Rxf1+ 26. Bxf1 Qa7 27. Bg1 Ra8 28. b5 Qa1 29.
Qb1 Qxb1 30. Nxb1 Ra1 31. Nd2 Bf6 32. Bf2 Ra2 33. Be1 Bh4 34. Bxh4 Rxd2 35. Kg1 Ra2 36.
Bd8 Ra7 37. Kf2 Kf7 38. Bg5 Kg7 39. h4 h6 40. Bd8 Kf7 41. g3 Ke8 42. Bf6 Ra3 43. Bg7 Ra2+ 44. Be2 fxg3+ 45. Kf1 Bh3+ 46. Ke1 Ra1+ 47. Kd2 g2 0-1

[Event "Late-Titled-Tuesday-Blitz-September-26-2023"]
[Site "Chess.com"]
[Date "2023.09.26"]
[Round "8"]
[White "0gZPanda"]
[Black "Kombinator01"]
[Result "1-0"]
[WhiteElo "3018"]
[BlackElo "2442"]
[TimeControl "180+1"]
[EndTime "15:24:24 PDT"]
[Termination "0gZPanda won by resignation"]

1. d4 Nf6 2. c4 g6 3. f3 c5 4. d5 b5 5. cxb5 a6 6. b6 Bg7 7.
Nc3 Qxb6 8. e4 d6 9. Bc4 O-O 10. Nge2 a5 11. O-O Ba6 12. b3 Nbd7 13. Be3 Ne5 14. Bxa6 Qxa6 15. Qc2 Qd3 16. Qxd3 Nxd3 17. Rfd1 Nb4 18. Rd2 Nd7 19. Rc1 Rfb8 20. Na4 Nb6 21.
Nxb6 Rxb6 22. Kf2 Rb7 23. Rc4 a4 24. a3 axb3 25. axb4 b2 26. Rxb2 Bxb2 27. bxc5 dxc5 28. Rxc5 Rb4 29. Rc7 Kf8 30. Bc5 Rb3 31. Rxe7 Kg8 32.
d6 Bf6 33. Rc7 Rd3 34. f4 Bd8 35. Rc6 Kg7 36. e5 Ra5 37. Be3 Raa3 38. Bc5 Ra5 39. Bd4 Ra2 40. Rc4 Rxd4 41. Rxd4 Bb6 42. Kf3 Rxe2 43. d7 Ra2 44. d8=Q Bxd8 45. Rxd8 Ra3+ 46. Ke4 Ra4+ 47. Rd4 Ra2 48. Kf3 Ra3+ 49. Kf2 Ra2+ 50. Kf1 Ra1+ 51. Ke2 Ra2+ 52. Rd2 Ra4 53. g3 h5 54. Kf3 Ra3+ 55. Ke4 Ra4+ 56. Rd4 Ra2 57. h3 Ra3 58. Rd3 Ra4+ 59. Kf3 Ra1 60. g4 h4 61. f5 Rg1 62. f6+ Kh7 63. Rd7 Rg3+ 64. Kf4 Rxh3 65. Rxf7+ Kg8 66. Rg7+ Kf8 67. e6 Ra3 68. e7+ 1-0

[Event "Late-Titled-Tuesday-Blitz-September-26-2023"]
[Site "Chess.com"]
[Date "2023.09.26"]
[Round "8"]
[White "Nekoo04"]
[Black "Lion_DL"]
[Result "0-1"]
[WhiteElo "2309"]
[BlackElo "2493"]
[TimeControl "180+1"]
[EndTime "15:24:25 PDT"]
[Termination "Lion_DL won by resignation"]

1. d4 Nf6 2. c4 c5 3. d5 e5 4. Nc3 d6 5. e4 g6 6. Nf3 Bg7 7. Be2 a6 8. Bg5 h6 9. Bh4 O-O 10. Nd2 Nbd7 11. O-O g5 12. Bg3 Ne8 13. Bg4 Ndf6 14. Bxc8 Qxc8 15. a3 Nh7 16. b4 b6 17.
Rb1 Ra7 18. Qa4 h5 19. f3 h4 20. Bf2 f5 21. bxc5 bxc5 22. exf5 Qxf5 23. h3 Nhf6 24. Nde4 Nh5 25. Rb6 Nf4 26. Rb8 Nxg2 27. Rxe8 Nf4 28.
Rxf8+ Bxf8 29. Qe8 Qxh3 30. Qg6+ Nxg6 0-1

[Event "Late-Titled-Tuesday-Blitz-September-26-2023"]
[Site "Chess.com"]
[Date "2023.09.26"]
[Round "8"]
[White "lefonghua"]
[Black "brm72"]
[Result "1-0"]
[WhiteElo "2637"]
[BlackElo "2513"]
[TimeControl "180+1"]
[EndTime "15:24:31 PDT"]
[Termination "lefonghua won on time"]

1. d4 Nf6 2. c4 g6 3. Nc3 d5 4.
cxd5 Nxd5 5. e4 Nxc3 6. bxc3 Bg7 7. Nf3 c5 8. Rb1 O-O 9. Be2 Qa5 10. Bd2 Qxa2 11.
O-O cxd4 12. cxd4 Nc6 13. d5 Ne5 14. Nxe5 Bxe5 15. Be3 Qa5 16. f4 Bg7 17. e5 Rd8 18.
Bf3 b6 19. d6 Bf5 20. Bxa8 exd6 21. Ra1 Qc3 22. Bd4 Qc4 23. Ra4 Qb5 24. exd6 Rxa8 25. Bxg7 Kxg7 26. Qd4+ Kg8 27. Re1 a5 28. Rc4 Rd8 29.
Rc7 Be6 30. h4 1-0

[Event "Late-Titled-Tuesday-Blitz-September-26-2023"]
[Site "Chess.com"]
[Date "2023.09.26"]
[Round "8"]
[White "JacksterThePro"]
[Black "Mariia89"]
[Result "1-0"]
[WhiteElo "2414"]
[BlackElo "2066"]
[TimeControl "180+1"]
[EndTime "15:24:31 PDT"]
[Termination "JacksterThePro won on time"]

1. e4 c6 2. c4 d5 3. cxd5 cxd5 4. exd5 Qxd5 5. Nc3 Qa5 6. Nf3 Nc6 7. Bc4 e6 8. O-O Nf6 9. d4 Be7 10. Re1 O-O 11. Ne5 Nb4 12. Bg5 h6 13. Bd2 Qd8 14. Be3 Nbd5 15. Qf3 Nxe3 16. fxe3 Bd7 17. Rf1 Rc8 18. Bb3 Bc6 19. Qh3 Bd5 20. Nxd5 exd5 21. Nd3 Ne4 22. Nf4 Nd2 23. Bxd5 Nxf1 24. Rxf1 Bg5 25. Bb3 Rc6 26. Qf3 Bxf4 27. Qxf4 Rf6 28. Qe5 Rxf1+ 29. Kxf1 Qh4 30. Ke2 Qg4+ 31. Kf2 Rc8 32. h3 Qg6 33. Kg1 Rc1+ 34. Kh2 Rf1 35. Bd5 1-0

[Event "Late-Titled-Tuesday-Blitz-September-26-2023"]
[Site "Chess.com"]
[Date "2023.09.26"]
[Round "8"]
[White "cristiano78"]
[Black "leoduarte"]
[Result "1-0"]
[WhiteElo "2258"]
[BlackElo "2453"]
[TimeControl "180+1"]
[EndTime "15:24:32 PDT"]
[Termination "cristiano78 won on time"]

1. d4 Nf6 2. c4 e6 3. Nf3 d5 4. Nc3 Bb4 5. Bg5 h6 6. Bxf6 Qxf6 7.
Rc1 O-O 8. e3 dxc4 9. Bxc4 c5 10. O-O cxd4 11. Nxd4 Bd7 12. a3 Bxc3 13. Rxc3 Nc6 14.
Nxc6 Bxc6 15. Be2 Rfd8 16. Qc1 Qg5 17. f3 Rd7 18. e4 Qxc1 19. Rfxc1 Rad8 20. Kf2 Rd2 21. R1c2 Bb5 22. Ke3 Rxc2 23. Rxc2 Bc6 24. b4 a6 25.
Bxa6 Ba4 26. Bd3 Bxc2 27. Bxc2 Kf8 28. a4 Ke7 29. a5 Kd6 30. Bd3 Kc6 31. b5+ Kc5 32.
a6 bxa6 33. bxa6 Kb6 34. f4 Rc8 35. g4 g5 36. e5 Rc1 37. f5 Ra1 38. Kd4 Ra4+ 39.
Bc4 Ra3 40. fxe6 fxe6 41. Bxe6 Kxa6 42. Bf5 Kb6 43. Kd5 Kc7 44. Ke6 Rh3 45. Kf6 Rxh2 46.
e6 Re2 47. Kg6 Kd6 48. Kxh6 1-0

[Event "Late-Titled-Tuesday-Blitz-September-26-2023"]
[Site "Chess.com"]
[Date "2023.09.26"]
[Round "8"]
[White "Vadim_Biliy"]
[Black "dorpato"]
[Result "1-0"]
[WhiteElo "2319"]
[BlackElo "2033"]
[TimeControl "180+1"]
[EndTime "15:24:35 PDT"]
[Termination "Vadim_Biliy won by resignation"]

1. d4 Nf6 2. Nf3 g6 3. e3 d5 4. Be2 Bg7 5. b4 O-O 6. O-O c6 7. c3 Bf5 8. a4 Nbd7 9. Ba3 Re8 10. Nh4 Bxb1 11. Rxb1 e5 12. Nf3 e4 13. Nd2 Nf8 14.
c4 N6d7 15. b5 f5 16. Qb3 Nf6 17. bxc6 bxc6 18. Qb7 Re6 19. Bc5 a6 20. Rb6 N8d7 21.
Rxc6 Rxc6 22. Qxc6 Nxc5 23. Qxc5 Rc8 24. Qa7 Qa5 25. Nb3 Qxa4 26. Nc5 Qa2 27. Re1 dxc4 28.
Qb7 Rf8 29. Ne6 Rf7 30. Qc8+ Bf8 31. Nxf8 Rxf8 32. Bxc4+ Kg7 33. Qb7+ Rf7 34. Qxf7+ 1-0

[Event "Late-Titled-Tuesday-Blitz-September-26-2023"]
[Site "Chess.com"]
[Date "2023.09.26"]
[Round "8"]
[White "RebecaJimnz"]
[Black "DrCeltic"]
[Result "0-1"]
[WhiteElo "2214"]
[BlackElo "2456"]
[TimeControl "180+1"]
[EndTime "15:24:37 PDT"]
[Termination "DrCeltic won on time"]

1. e4 c5 2. Nc3 a6 3. g3 Nc6 4.
Bg2 e5 5. d3 d6 6. Be3 h6 7. f4 Nf6 8. h3 Be7 9. Nf3 O-O 10. O-O Nd4 11. f5 Nh7 12. g4 Nxf3+ 13. Qxf3 Bd7 14. Ne2 Bc6 15. c3 Re8 16. Rad1 Bh4 17.
Ng3 Nf6 18. Bf2 Qe7 19. c4 b5 20. b3 Rab8 21. Ne2 Bxf2+ 22. Qxf2 bxc4 23. bxc4 Rb2 24. Qe3 Rxa2 25. Bf3 Nh7 26. Ra1 Rxa1 27. Rxa1 Ra8 28. Nc3 a5 29. Bd1 Qd8 30. Ba4 Bxa4 31. Rxa4 Rb8 32.
Qd2 Rb4 33. Qa2 Qh4 34. Rxa5 Qg3+ 35. Qg2 Qe1+ 36. Kh2 Qxc3 37. Ra8+ Nf8 0-1

[Event "Late-Titled-Tuesday-Blitz-September-26-2023"]
[Site "Chess.com"]
[Date "2023.09.26"]
[Round "8"]
[White "PapaieDudu"]
[Black "Yushko_Olga"]
[Result "1-0"]
[WhiteElo "2410"]
[BlackElo "2066"]
[TimeControl "180+1"]
[EndTime "15:24:37 PDT"]
[Termination "PapaieDudu won by resignation"]

1. e4 d6 2. Nf3 e5 3. d4 Nf6 4. Nc3 Nbd7 5. Bc4 Be7 6. Bxf7+ Kxf7 7. Ng5+ Kg8 8. Ne6 Qe8 9. Nxc7 Qd8 10. Nxa8 b6 11. dxe5 Nxe5 12. Nd5 Bb7 13. Nac7 Nxe4 14. O-O h6 15. f4 Ng6 16. Qg4 Kh7 17. f5 Ne5 18.
Qxe4 Qxc7 19. f6+ g6 20. fxe7 Qc5+ 21. Be3 Qxd5 22. Qxd5 Bxd5 23. Rad1 Bc6 24. Rxd6 Re8 25. Bd4 Bb5 26. Rf2 Rxe7 27. h3 Nc6 28. Bc3 Rc7 29.
b3 Ne7 30. Bb2 Nf5 31. Rdd2 Re7 32. Kh2 Re1 33. c4 Bc6 34. Rde2 Rd1 35. Re6 Be4 36. Rxe4 Nd6 37. Re7+ Kg8 38. Rg7+ 1-0

[Event "Late-Titled-Tuesday-Blitz-September-26-2023"]
[Site "Chess.com"]
[Date "2023.09.26"]
[Round "8"]
[White "tarno17"]
[Black "micke12a"]
[Result "0-1"]
[WhiteElo "2161"]
[BlackElo "2346"]
[TimeControl "180+1"]
[EndTime "15:24:38 PDT"]
[Termination "micke12a won on time"]

1. e4 c5 2. Nf3 d6 3. Bb5+ Bd7 4. Bxd7+ Qxd7 5. O-O Nc6 6. d4 cxd4 7. Nxd4 Nf6 8. Re1 g6 9. c4 Bg7 10. Nc3 O-O 11. Be3 Rac8 12. b3 a6 13. Rc1 Ng4 14. Nxc6 Rxc6 15. Bd4 Rfc8 16. Bxg7 Kxg7 17. h3 Nf6 18. Qd4 b5 19. Nd5 bxc4 20. Nxf6 exf6 21. Rxc4 Rxc4 22.
bxc4 Qe6 23. Rd1 Rxc4 24. Qxd6 Rxe4 25. Qxe6 fxe6 26. Rd7+ Kh6 27. Rd6 a5 28. f3 Re5 29.
a4 Kg5 30. Ra6 Kf5 31. Kf2 Rc5 32. Kg3 e5 33. Ra7 h5 34. Ra6 g5 35. Kh2 h4 36.
Kg1 Kf4 37. Kh2 f5 38. Ra7 e4 39. fxe4 fxe4 40. Kg1 e3 41. Kf1 Rc1+ 42. Ke2 Rc2+ 43. Kf1 Rf2+ 44. Kg1 Kg3 45. Rxa5 Rxg2+ 46. Kf1 Rf2+ 47.
Ke1 Kf4 48. Ra7 Ra2 49. Rf7+ Kg3 50. Re7 Kxh3 51. a5 Rxa5 52. Rxe3+ Kg2 53. Re2+ Kg3 54. Re3+ Kf4 0-1